 Dungeon Crawl Stone Soup version 0.31-a0-819-gf6de2f5ab6 (webtiles) character file.

Game seed: 14865189755837798634

2668 qw the Skirmisher (level 9, -2/57 HPs)
             Began as a Gargoyle Hunter on Sept 23, 2023.
             Slain by an orc
             ... wielding a +0 dagger
              (4 damage)
             ... on level 7 of the Dungeon.
             The game lasted 00:02:32 (5852 turns).

qw the Skirmisher (Gargoyle Hunter)                 Turns: 5852, Time: 00:02:33

Health: -2/57      AC: 11    Str: 16    XL:     9   Next: 63%
Magic:  9/9        EV: 13    Int:  9    God:
Gold:   339        SH:  0    Dex: 17    Spells: 8/8 levels left

rFire   + . .        Y - +0 arbalest
rCold   + . .        (shield currently unavailable)
rNeg    + . .        n - +2 robe {rC+}
rPois   inf          (no helmet)
rElec   +            m - +0 cloak
rCorr   .            (no gloves)
SInv    .            (no boots)
Will    .....        (no amulet)
Stlth   ++           b - ring of protection from fire
HPRegen 0.29/turn    (no ring)
MPRegen 0.11/turn

%: no passive effects
@: no status effects
A: sickness immunity, AC +6, negative energy resistance 1, electricity
resistance, torment resistance 1, petrification resistance, hooves 1
a: no special abilities


You were on level 7 of the Dungeon.
You visited 2 branches of the dungeon, and saw 8 of its levels.
You also visited: Sewer.

You collected 339 gold pieces.


Innate Abilities, Weirdness & Mutations

You are immune to sickness and miasma.
Your stone body is resilient. (AC +6)
You are immune to poison.
You resist negative energy. (rN+)
You are resistant to electric shocks. (rElec)
You are resistant to unholy torment.
You are immune to petrification.
You have large cloven feet.


   Skills:
 + Level 7.4 Fighting
 - Level 11.0 Ranged Weapons
 - Level 3.0 Armour
 - Level 3.0 Dodging
 - Level 1.1 Stealth


You had 8 spell levels left.
You didn't know any spells.
Your spell library was empty.

Inventory:

Hand Weapons
 Y - a +0 arbalest (weapon)
Armour
 g - a +1 robe of fire resistance
 m - a +0 cloak (worn)
 n - a +2 robe of cold resistance (worn)
Jewellery
 b - a ring of protection from fire (left hand)
Scrolls
 h - a scroll of identify
Potions
 c - a potion of enlightenment
 d - a potion of attraction {unknown}
 e - a potion of degeneration {unknown}
 i - 3 potions of mutation
 j - a potion of cancellation {unknown}
 k - a potion of haste {unknown}

Dungeon Overview and Level Annotations

Branches:
Dungeon (7/15)             Temple (1/1) D:7           Sewer (visited)

Altars:
Ashenzari
Fedhas
Gozag
Makhleb
Ru
Uskayaw
Wu Jian
Zin

Shops:
D:2 [


Message History

The orc barely misses you. The orc misses you. The orc barely misses you.
The orc closely misses you. x3; The orc misses you.
The orc hits you but does no damage.
You shoot a bolt. The bolt hits the orc.
The orc is heavily wounded.
The orc hits you but does no damage. The orc barely misses you.
The orc hits you with a +0 flail! The orc closely misses you.
You shoot a bolt. The bolt barely misses the orc.
The orc hits you but does no damage. The orc misses you.
The orc barely misses you. x2
You shoot a bolt. The bolt hits the orc!
You kill the orc!
The orc closely misses you. x2; The orc barely misses you.
The orc completely misses you. The orc hits you but does no damage. x2
You shoot a bolt. The bolt barely misses the orc.
The orc hits you but does no damage. The orc hits you with a +0 whip.
The orc closely misses you. The orc completely misses you.
You shoot a bolt. The bolt hits the orc!!
You kill the orc!
The orc barely misses you. The orc hits you but does no damage.
You shoot a bolt. The bolt barely misses the orc.
The orc barely misses you. The orc hits you but does no damage.
The orc misses you. The orc barely misses you. The orc closely misses you.
The orc misses you. The orc barely misses you. x3
You shoot a bolt. The bolt hits the orc!!
You kill the orc!
The orc misses you. The orc hits you but does no damage. x2
The orc barely misses you.
You shoot a bolt. The bolt hits the orc!!
You kill the orc!
The orc barely misses you. The orc hits you but does no damage. x2
You shoot a bolt. The bolt hits the orc!!
You kill the orc!
The orc hits you but does no damage.
The orc hits you from afar with a +0 trident.
The orc closely misses you. The orc barely misses you.
The orc hits you but does no damage. x2; The orc barely misses you.
You shoot a bolt. The bolt closely misses the orc.
The orc barely misses you. The orc hits you with a +0 dagger.
You die...

#...### #...... .
######...... ..##
###........... ....#
##..........### .....#
#..............
......####..............
....)ooo###........^....
.....oo@.##............[
......#o..#.............
......o#................
.......###..............
....... ##............<
....... ..............
....... #.#............
...... #.##...........
.. ...........


You could see 7 orcs.

Vanquished Creatures
  A steam dragon (D:7)
  2 ice beasts (D:6)
  A sky beast (D:6)
  3 black bears
  A bullfrog (D:7)
  A kobold brigand (D:6)
  A gnoll sergeant (D:7)
  4 scorpions
  10 wights (D:6)
  2 jellies
  A gnoll bouda (D:7)
  7 hounds
  4 sleepcaps
  3 iguanas
  3 orc wizards (D:6)
  19 gnolls
  4 river rats
  14 adders
  2 white imps
  A worm (D:3)
  5 dart slugs
  17 orcs
  8 endoplasms
  5 giant cockroaches
  10 goblins
  10 hobgoblins
  6 jackals (D:1)
  9 kobolds
  5 quokkas
  10 ball pythons
  5 bats
  13 frilled lizards
  13 rats
200 creatures vanquished.

Notes
Turn   | Place    | Note
-------+----------+-------------------------------------------
     0 | D:1      | qw the Gargoyle Hunter began the quest for the Orb.
     0 | D:1      | Reached XP level 1. HP: 12/12 MP: 1/1
     0 | D:1      | 0 ||| qw: Version: 0.3-a-83-gcd0e7d8
     0 | D:1      | 0 ||| qw: Game counter: 1531
     0 | D:1      | 0 ||| qw: Melee chars always use a shield: true
     0 | D:1      | 0 ||| qw: God list: Okawaru
     0 | D:1      | 0 ||| qw: Allow faded altars: false
     0 | D:1      | 0 ||| qw: Do Orc after clearing Dungeon:15 true
     0 | D:1      | 0 ||| qw: Do second Lair branch before Depths: true
     0 | D:1      | 0 ||| qw: Lair rune preference: random
     0 | D:1      | 0 ||| qw: Goals: Normal
     0 | D:1      | 0 ||| PLANNING D:1-11
    97 | D:1      | Reached XP level 2. HP: 17/17 MP: 2/2
   197 | D:1      | Reached XP level 3. HP: 21/21 MP: 3/3
   266 | D:1      | Reached skill level 5 in Ranged Weapons
   677 | D:1      | 677 ||| READING scroll labelled VIEC BIMMANTUCW.
   678 | D:1      | 678 ||| READING scroll labelled BUNUIB BENOLA.
   679 | D:1      | 679 ||| DROPPING scroll of butterflies.
   737 | D:2      | 737 ||| RETREEAATING.
   740 | D:2      | 740 ||| STAIRDANCE
   743 | D:1      | Reached skill level 3 in Fighting
   777 | D:2      | 777 ||| STAIRDANCE
   783 | D:1      | HP: 5/23 [gnoll/+0 club (7)]
   785 | D:1      | Reached XP level 4. HP: 7/28 MP: 4/4
   874 | D:2      | 874 ||| STAIRDANCE
   914 | D:2      | 914 ||| STAIRDANCE
   927 | D:2      | 927 ||| STAIRDANCE
   987 | D:2      | Found Ewoskooq's Armour Boutique.
   992 | D:2      | 992 ||| SHOPLISTING +5 robe of Night {Dark Will+ SInv} (720
                  | gold, have 32).
  1501 | D:2      | Found a faded altar of an unknown god.
  1806 | D:2      | 1806 ||| UPGRADING to +0 ring mail.
  1816 | D:2      | 1816 ||| DROPPING +0 leather armour.
  1817 | D:2      | 1817 ||| UPGRADING to ring of protection from fire.
  1818 | D:2      | 1818 ||| READING scroll labelled KATOEGEHE.
  1819 | D:2      | 1819 ||| READING scroll labelled USOENU NU LAA.
  1820 | D:2      | 1820 ||| READING scroll labelled DIDWIJ GUPSEU.
  1886 | D:3      | Reached XP level 5. HP: 32/32 MP: 5/5
  1983 | D:3      | Reached skill level 1 in Armour
  1990 | D:3      | Reached skill level 6 in Ranged Weapons
  2207 | D:3      | 2207 ||| READING scroll of enchant weapon.
  2207 | D:3      | 2207 ||| ENCHANTING +1 shortbow.
  2437 | D:3      | 2437 ||| READING scroll labelled VAT BAUDIAKLU.
  2438 | D:3      | 2438 ||| READING 2 scrolls labelled JUISHR WULYWICAAS.
  2442 | D:3      | 2442 ||| READING scroll labelled JOACUA ONEI.
  2443 | D:3      | 2443 ||| READING 2 scrolls of identify.
  2443 | D:3      | 2443 ||| IDENTIFYING clear potion
  2447 | D:4      | 2447 ||| PLANNING SEWER
  2474 | D:4      | 2474 ||| SWAPPING to +0 arbalest.
  2475 | D:4      | 2475 ||| DROPPING +2 shortbow.
  2538 | D:4      | Reached XP level 6. HP: 38/38 MP: 6/6
  2929 | D:4      | Found a glowing drain.
  2930 | D:4      | 2930 ||| Stepping ~*~*~tactically~*~*~ (water).
  2935 | D:4      | 2935 ||| DRINKING 2 fuming orange potions.
  2935 | D:4      | Gained mutation: You have large cloven feet. [potion of
                  | mutation]
  2942 | Sewer    | Entered a sewer
  3139 | Sewer    | Reached skill level 7 in Ranged Weapons
  3188 | Sewer    | 3188 ||| Stepping ~*~*~tactically~*~*~ (water).
  3237 | Sewer    | 3237 ||| READING scroll labelled YKESHI IQEMI.
  3238 | Sewer    | 3238 ||| DRINKING 2 fuming green potions.
  3239 | Sewer    | 3239 ||| READING 2 scrolls of identify.
  3239 | Sewer    | 3239 ||| IDENTIFYING dark potion
  3240 | Sewer    | 3240 ||| DROPPING potion of invisibility.
  3277 | D:4      | 3277 ||| PLANNING D:1-11
  3318 | D:5      | Entered Level 5 of the Dungeon
  3433 | D:5      | Reached XP level 7. HP: 43/43 MP: 7/7
  3557 | D:5      | Reached skill level 8 in Ranged Weapons
  3977 | D:5      | 3977 ||| UPGRADING to +0 cloak.
  3982 | D:5      | 3982 ||| READING scroll labelled EWULIA ZIPTYO.
  3983 | D:5      | 3983 ||| READING scroll labelled WOIRINW SOAFUA.
  4049 | D:6      | Reached skill level 3 in Armour
  4049 | D:6      | Reached XP level 8. HP: 45/49 MP: 8/8
  4301 | D:6      | Reached skill level 9 in Ranged Weapons
  4321 | D:6      | 4321 ||| Stepping ~*~*~tactically~*~*~ (retreating).
  4322 | D:6      | 4322 ||| Stepping ~*~*~tactically~*~*~ (retreating).
  4323 | D:6      | 4323 ||| Stepping ~*~*~tactically~*~*~ (retreating).
  4324 | D:6      | 4324 ||| Stepping ~*~*~tactically~*~*~ (retreating).
  4325 | D:6      | 4325 ||| RETREEAATING.
  4326 | D:6      | 4326 ||| STILL RETREEAATING.
  4332 | D:6      | HP: 12/49 [wight/+2 dagger (3)]
  4333 | D:6      | 4333 ||| READING 2 scrolls of teleportation.
  4334 | D:6      | 4334 ||| DRINKING 2 potions of heal wounds.
  4337 | D:6      | 4337 ||| Stepping ~*~*~tactically~*~*~ (water).
  4337 | D:6      | HP: 10/49 [white imp/puff of frost (6)]
  4338 | D:6      | 4338 ||| READING scroll of teleportation.
  4339 | D:6      | 4339 ||| DRINKING potion of heal wounds.
  4343 | D:6      | Reached skill level 6 in Fighting
  4345 | D:6      | 4345 ||| FLEEEEING.
  4348 | D:6      | 4348 ||| FLEEEEING.
  4349 | D:6      | 4349 ||| FLEEEEING.
  4350 | D:6      | 4350 ||| FLEEEEING.
  4351 | D:6      | 4351 ||| FLEEEEING.
  4352 | D:6      | 4352 ||| FLEEEEING.
  4353 | D:6      | 4353 ||| FLEEEEING.
  4358 | D:6      | 4358 ||| FLEEEEING.
  4359 | D:6      | 4359 ||| FLEEEEING.
  4360 | D:6      | 4360 ||| FLEEEEING.
  4643 | D:6      | Reached skill level 10 in Ranged Weapons
  4643 | D:6      | Reached XP level 9. HP: 40/55 MP: 9/9
  5006 | D:6      | 5006 ||| UPGRADING to +1 robe of fire resistance.
  5016 | D:6      | 5016 ||| DROPPING +0 ring mail.
  5017 | D:6      | 5017 ||| UPGRADING to +2 robe of cold resistance.
  5027 | D:6      | 5027 ||| READING 2 scrolls of identify.
  5027 | D:6      | 5027 ||| IDENTIFYING bubbling green potion
  5028 | D:6      | 5028 ||| DROPPING potion of ambrosia.
  5062 | D:7      | 5062 ||| STAIRDANCE
  5254 | D:7      | 5254 ||| Stepping ~*~*~tactically~*~*~ (retreating).
  5255 | D:7      | 5255 ||| Stepping ~*~*~tactically~*~*~ (retreating).
  5256 | D:7      | 5256 ||| Stepping ~*~*~tactically~*~*~ (retreating).
  5257 | D:7      | 5257 ||| Stepping ~*~*~tactically~*~*~ (retreating).
  5258 | D:7      | 5258 ||| Stepping ~*~*~tactically~*~*~ (retreating).
  5277 | D:7      | Reached skill level 3 in Dodging
  5390 | D:7      | Found a staircase to the Ecumenical Temple.
  5391 | D:7      | 5391 ||| PLANNING TEMPLE
  5399 | Temple   | Entered the Ecumenical Temple
  5400 | Temple   | 5400 ||| PLANNING D:1-11
  5464 | D:7      | Found an ornate altar of the Wu Jian Council.
  5468 | D:7      | 5468 ||| RETREEAATING.
  5834 | D:7      | HP: 12/57 [orc/+0 whip (4)]
  5835 | D:7      | Reached skill level 11 in Ranged Weapons
  5835 | D:7      | 5835 ||| DRINKING potion of heal wounds.
  5839 | D:7      | HP: 14/57 [orc/+0 dagger (2)]
  5843 | D:7      | HP: 4/57 [orc/+0 flail (7)]
  5851 | D:7      | HP: 2/57 [orc/+0 trident (4)]
  5852 | D:7      | Slain by an orc

Levels and vault maps discovered:
D:1:      reono_arrival_mine, layout_basic
D:2:      minmay_inner_zag, layout_loops_cross, serial_shops,
          nicolae_shop_hallway_plus, nicolae_ecumenical_lake_church,
          minmay_goblin_outpost
D:3:      layout_basic
D:4:      layout_cave_pools, portal_sewer_entry_e, kennysheep_generic_room_8
D:5:      layout_gridville
D:6:      layout_loops_ring, kennysheep_generic_room_10
D:7:      layout_cave_pods, mainiacjoe_overflow_tiny_flanked, temple_hall,
          hangedman_decor_points
Temple:   hellmonk_temple_of_storms

Skill      XL: |  1  2  3  4  5  6  7  8  9 |
---------------+----------------------------+-----
Ranged Weapons | 5 6 7 8 10 11 | 11.0
Fighting       | 3 4 5 6 7 |  7.4
Armour         | 1 3 |  3.0
Dodging        | 2 3 |  3.0
Stealth        | |  1.1

Action                     |  1- 3 |  4- 6 |  7- 9 || total
---------------------------+-------+-------+-------++-------
   Fire: Shortbow          |   100 |   135 |       ||   235
         Arbalest          |       |   101 |   258 ||   359
    Use: Scroll            |     2 |    10 |     5 ||    17
         Potion            |       |     2 |     3 ||     5
 Armour: Leather armour    |    42 |    21 |       ||    63
         Ring mail         |       |    53 |   110 ||   163
         Robe              |       |       |    96 ||    96
  Dodge: Dodged            |    35 |    90 |   180 ||   305

Table legend:
 A = Non-vault XP
 B = Vault XP
 C = Vault XP percentage of total XP
 D = Non-vault monster count
 E = Vault monster count
 F = Vault count percentage of total count
                 A         B        C        D         E       F
            +---------+---------+-------+---------+---------+-------
      Total |    3571 |     241 |   6.3 |     161 |      39 |  19.5
            +---------+---------+-------+---------+---------+-------
        D:1 |     102 |       0 |   0.0 |      39 |       0 |   0.0
        D:2 |      39 |      20 |  33.9 |      16 |      12 |  42.9
        D:3 |     109 |       0 |   0.0 |      15 |       0 |   0.0
        D:4 |     139 |      39 |  21.9 |       9 |       9 |  50.0
        D:5 |     462 |       0 |   0.0 |      14 |       0 |   0.0
        D:6 |    1706 |      80 |   4.5 |      38 |       1 |   2.6
        D:7 |    1014 |       0 |   0.0 |      30 |       0 |   0.0
      Sewer |       0 |     102 | 100.0 |       0 |      17 | 100.0
            +---------+---------+-------+---------+---------+-------
